[Event "87th Spanish Championship 2022"]
[Site "Linares"]
[Date "2022.08.13"]
[Round "3.24"]
[White "Jimenez Bernal, Francisco"]
[Black "Valmana Canto, Jaime"]
[Result "1-0"]
[ECO "E95"]
[WhiteElo "2149"]
[BlackElo "2406"]
[Annotator "TA"]
[PlyCount "83"]
[EventDate "2022.08.11"]
[EventType "swiss"]
[EventCountry "ESP"]
[SourceTitle "playchess.com"]
[Source "ChessBase"]
[SourceQuality "1"]
[TimeControl "5400+30"]

1. d4 Nf6 2. c4 g6 3. Nc3 Bg7 4. e4 d6 5. Nf3 O-O 6. Be2 Nbd7 7. O-O e5 8. Re1 Re8 9. Bf1 exd4 10. Nxd4 c6 {[%emt 0:00:05] is cutting edge theory.} 11. f3 a6 {[%emt 0:01:20] E95: King's Indian: Classical: 7...Nbd7 8 Re1.} 12. Be3 Ne5 13. Qd2 b5 {[%emt 0:06:04] The position is equal.} 14. cxb5 {[%emt 0:03:55] [#]} cxb5 $146 ({Black should try} 14... axb5 $11 15. Nc2 Bf8) ({Predecessor:} 14... axb5 15. a3 Bb7 16. Rad1 Nfd7 17. Qc1 Nc4 18. Bf2 Nde5 19. h3 h5 20. f4 Bh6 {0-1 (38) Praveen Kumar,C (2235)-Nitin,S (2357) Mumbai 2015}) 15. Rad1 Bb7 (15... b4 $11 16. Nd5 Nxd5 17. exd5 Bb7) 16. Nc2 $16 Bf8 17. Nb4 Rc8 18. Qf2 Bg7 19. Qd2 (19. a3 $16) 19... Nc4 (19... Bf8 $1 $11 {remains equal.}) 20. Bxc4 Rxc4 21. a3 Re6 22. Qf2 Qc8 23. Rd2 {[%emt 0:05:41] White is more active.} a5 24. Nbd5 (24. Nc2 $16) 24... b4 (24... Bxd5 $11 25. Nxd5 (25. exd5 Re5 $11) 25... Nxd5 26. Rxd5 Qc6) 25. axb4 $14 axb4 26. Nb5 {[%emt 0:02:43][%cal Bc3b5,Bb5c7,Bc7d5,Bd5e3,Be3c2,Bc2d4,Bd4e6][%mdl 32] [#] Threatens to win with Nb6. Pair of Knights!} (26. Na4 $5 Qe8 27. Nxf6+ Bxf6 28. Nb6 $14) 26... Nxe4 {[%emt 0:09:55] White leaves nothing to chance now.} 27. fxe4 $16 Rcxe4 {[%emt 0:00:02] aiming for ...Bxd5.} 28. Nbc7 Bxd5 29. Nxd5 Bh6 (29... R6e5 $16) 30. Rde2 Bxe3 31. Rxe3 ({Stronger than} 31. Nxe3 Qe8 $11) 31... Rxe3 32. Nxe3 ({And not} 32. Rxe3 Qc1+ 33. Qf1 Qc5 $11) 32... Qc5 33. g3 d5 34. Nc2 Qc4 (34... Rxe1+ {was called for.} 35. Nxe1 Qc1) 35. Rxe6 $18 fxe6 36. Nd4 e5 (36... Qc8 37. Qf6 Qc1+ 38. Kg2 Qe3) 37. Ne6 {[%emt 0:01:08][%csl Ge6][%cal Rf2f8] [#] White is clearly winning.} Qc8 {[%emt 0:00:28] Against Qf8+} 38. Qf6 Qc1+ 39. Kg2 Qd2+ 40. Qf2 Qh6 41. g4 {[%emt 0:01:09] White threatens g5 and mate.} g5 42. Qf5 {[%emt 0:00:12][%csl LRe5,LRg5] Weighted Error Value: White=0.17 (very precise) /Black=0.41} 1-0

[Event "87th Spanish Championship 2022"]
[Site "Linares"]
[Date "2022.08.13"]
[Round "3.25"]
[White "Argandona Riveiro, Inigo"]
[Black "Bermudez Ureba, Juan Diego"]
[Result "0-1"]
[ECO "A20"]
[WhiteElo "2393"]
[BlackElo "2198"]
[Annotator "TA"]
[PlyCount "82"]
[EventDate "2022.08.11"]
[EventType "swiss"]
[EventCountry "ESP"]
[SourceTitle "playchess.com"]
[Source "ChessBase"]
[SourceQuality "1"]
[TimeControl "5400+30"]

1. c4 e5 2. g3 Nf6 3. Bg2 d5 4. cxd5 Nxd5 5. Nc3 Nb6 6. e3 h5 {[%emt 0:07:28] [#] A22: English Opening: 1...e5 2 Nc3 Nf6.} 7. Nf3 $146 ({Predecessor:} 7. Nge2 h4 8. d4 hxg3 9. hxg3 Rxh1+ 10. Bxh1 Bd6 11. dxe5 Bxe5 12. Qxd8+ Kxd8 13. f4 Bf6 14. e4 {1-0 (39) Tsydypov,Z (2671)-Drygalov,A (2484) Sochi 2019}) 7... Nc6 8. O-O Qd3 {[%emt 0:07:54] The position is equal.} 9. Ng5 Be7 10. f4 (10. Be4 $11 Qd7 11. Nf3) 10... Bxg5 (10... Bg4 $1 $17 11. Qe1 exf4 12. gxf4 Qd7) 11. fxg5 $11 Be6 12. Be4 Qd7 13. h4 $1 O-O-O 14. Qf3 Rdf8 15. Bf5 (15. b3 $14) 15... Bxf5 (15... f6 $5 16. Ne4 Bxf5 17. Qxf5 Qxf5 18. Rxf5 Nd5 $11) 16. Qxf5 Qxf5 17. Rxf5 Kd7 (17... Nc4 $11) 18. b3 $14 {[%emt 0:06:08] And now Ba3 would win.} Ke6 19. Rf2 {[%emt 0:01:11] Ba3 is the strong threat.} f5 20. gxf6 gxf6 21. Ba3 Rfg8 22. Ne4 Nd7 23. Raf1 Rh6 24. Kh2 Rg4 25. d3 Rg8 26. Rc2 Rc8 27. Rfc1 Rg6 28. Rxc6+ (28. Kg2 $14) 28... bxc6 $11 29. Rxc6+ Kd5 30. Rc4 Nb6 31. Rc5+ Ke6 32. Rc6+ Kf5 ({Better is} 32... Kd7 $15 33. Rxf6 Rxf6 34. Nxf6+ Ke6) 33. Bc5 Rd8 34. g4+ $2 {[%emt 0:02:08] This move loses the game for White.} (34. Kg2 $14 {keeps the upper hand.}) 34... Kxg4 $19 {[%emt 0:00:09] aiming for ...Kf3.} 35. Nxf6+ $2 (35. Be7 Rh8 36. Rxf6 Rxf6 37. Bxf6) 35... Kf3 (35... Kxh4 $2 36. Be7 Rd6 37. Nd7+ (37. Bxd6 cxd6 38. Rxd6 Rg3 $14) 37... Kg4 38. Nxe5+ Kf5 39. Bxd6 Rxd6 40. Rc5 $16) 36. d4 Nd5 37. dxe5 Rg2+ {[%emt 0:00:57] Black mates.} 38. Kh3 {[%emt 0:00:22] [#]} Nf4+ $1 39. exf4 Rd1 40. Bg1 {[%emt 0:01:10] [#]} Rg3+ $1 41. Kh2 {[%emt 0:00:06] [#]} Rd2+ $1 {[%emt 0:00:08] Weighted Error Value: White=0.63/Black=0.17 (very precise)} 0-1

[Event "87th Spanish Championship 2022"]
[Site "Linares"]
[Date "2022.08.13"]
[Round "3.26"]
[White "Serarols Mabras, Bernat"]
[Black "Ilinca Ilinca, Felix Antonio"]
[Result "0-1"]
[ECO "D31"]
[WhiteElo "2357"]
[BlackElo "2162"]
[Annotator "TA"]
[PlyCount "84"]
[EventDate "2022.08.11"]
[EventType "swiss"]
[EventCountry "ESP"]
[SourceTitle "playchess.com"]
[Source "ChessBase"]
[SourceQuality "1"]
[TimeControl "5400+30"]

1. d4 d5 2. c4 e6 3. Nc3 Bb4 4. a3 Bxc3+ 5. bxc3 Nf6 6. cxd5 exd5 7. e3 O-O 8. Bd3 c5 9. Ne2 b6 10. O-O Ba6 11. f3 Re8 {[%emt 0:19:14] 11...Re8 is better than 11...Bxd3.} 12. Ng3 Bxd3 13. Qxd3 Nc6 {[%emt 0:03:22] E49: Nimzo-Indian: Rubinstein: 5 Bd3 d5 6 a3 Bxc3+ 7 bxc3.} 14. Re1 {[%emt 0:06:42] [#]} h5 $146 ({Predecessor:} 14... Qd7 15. Bb2 Rad8 16. Rad1 Na5 17. e4 dxe4 18. fxe4 Qg4 19. e5 c4 20. Qc2 Nd5 21. Re4 {½-½ (36) Kantorik,M (2364)-Bernasek,J (2422) Roznov 2002}) 15. Nh1 Qd7 {[%emt 0:08:46] The position is equal.} 16. Nf2 Re7 17. Bb2 Rae8 18. Rad1 (18. Re2 $1 $11) 18... g6 (18... c4 $15 19. Qd2 Na5) 19. Bc1 c4 20. Qc2 Qf5 21. Qxf5 gxf5 22. Nh3 b5 23. e4 fxe4 (23... dxe4 $11 24. Bg5 Nd5 25. Bxe7 Ncxe7) 24. Bg5 $16 Kg7 25. Nf4 {[%emt 0:01:56] [#] Threatens to win with Bxf6+.} Rd7 26. Bxf6+ Kxf6 27. fxe4 dxe4 28. Nxh5+ (28. h4 {seems wilder.} e3 29. Rf1 a5 30. Rf3) 28... Kg5 {[%emt 0:00:27] [#]} 29. Ng3 (29. g4 $1 $16) 29... f5 $36 {[%emt 0:00:22][%mdl 2048] Black is pushing.} 30. Rb1 a6 31. a4 (31. Re2 $11 {keeps the balance.}) 31... b4 $1 $17 ({But not} 31... bxa4 32. Ra1 $14) 32. cxb4 Nxd4 {[%emt 0:00:18] ...c3 is the strong threat. Black is more active.} 33. b5 $2 {[%emt 0:00:06][%mdl 8192] This move loses the game for White.} (33. Rbc1 $17) 33... axb5 $19 34. axb5 c3 35. Ne2 (35. Re3 $142 c2 36. Rc1) 35... c2 {[%emt 0:00:51] ( -> ...Nxe2+)} 36. Rbc1 Nxe2+ {[%emt 0:00:19] Black mates.} 37. Rxe2 {[%emt 0:00:01] KRR-KRR} Rd1+ 38. Re1 Red8 39. Kf2 R8d2+ 40. Ke3 f4+ 41. Kxe4 Rxe1+ 42. Rxe1 Rd1 {[%emt 0:00:06] Weighted Error Value: White=0.77/Black=0.20 (precise)} 0-1

[Event "87th Spanish Championship 2022"]
[Site "Linares"]
[Date "2022.08.13"]
[Round "3.27"]
[White "Rey Martinez, Jaime"]
[Black "Domingo Nunez, Ruben"]
[Result "1/2-1/2"]
[ECO "B14"]
[WhiteElo "2117"]
[BlackElo "2361"]
[Annotator "TA"]
[PlyCount "74"]
[EventDate "2022.08.11"]
[EventType "swiss"]
[EventCountry "ESP"]
[SourceTitle "playchess.com"]
[Source "ChessBase"]
[SourceQuality "1"]
[TimeControl "5400+30"]

1. e4 c6 2. d4 d5 3. exd5 cxd5 4. c4 Nf6 5. Nc3 g6 6. Qb3 Bg7 7. cxd5 O-O 8. Be2 a5 9. Bf3 {[%emt 0:07:01] B14: Caro-Kann: Panov-Botvinnik Attack with 5...e6 and 5...g6.} Na6 10. Nge2 Nb4 11. O-O Bf5 $1 12. d6 exd6 {[%emt 0:18:50] [#]} 13. Qd1 $146 ({Wrong is} 13. Bxb7 $2 Rb8 14. a3 (14. Bf3 $2 Nc2 $19) 14... Nc2 $19) ({Predecessor:} 13. Bg5 Qd7 14. Qa4 Qxa4 15. Nxa4 Ne4 16. Bf4 Nd5 17. Bxd6 Nxd6 18. Bxd5 Rfe8 19. Rfe1 {0-1 (34) Yanovsky,V (2038)-Ostrovskiy,A (2401) ICC INT 2015}) 13... Qd7 14. a3 Nc6 15. h3 d5 16. Ng3 Be4 17. Ngxe4 (17. Be2 $14) 17... dxe4 $15 18. Nxe4 Nxe4 19. Bxe4 Qxd4 20. Bf3 a4 21. Rb1 Qh4 22. g3 Qf6 {[%emt 0:00:30] Strongly threatening ...Rad8.} (22... Qxh3 $2 23. Bg4 Qxf1+ 24. Qxf1 $18) 23. Bg2 Rfd8 24. Qg4 Ne5 25. Qb4 Nd3 26. Qxb7 Rab8 27. Qa7 Qd4 28. Qa5 {[%emt 0:00:18] [#]} ({White should play} 28. Be3 $11 Qxa7 29. Bxa7 Rxb2 30. Rxb2 Nxb2 31. Rb1) 28... Qc4 (28... Nxf2 $1 $15 29. Kh2 (29. Rxf2 Qd3 $17) 29... Nd3) 29. Bg5 $11 {[%emt 0:01:23] This bishop pair is nice.} Rd7 30. Be3 h5 31. Rfd1 h4 32. g4 (32. gxh4 $1 $14 Qxh4 33. Rd2) 32... Bd4 33. Qd2 Bxe3 34. Qxe3 {[%emt 0:00:01] And now Bf1 would win.} Rbd8 35. Bf1 {[%emt 0:01:00] aiming for Rd2.} Qc2 {[%emt 0:00:15] [#]} (35... Kh7 $14) 36. Qd2 (36. Rbc1 $1 $16 Nxc1 37. Rxd7 Rxd7 38. Qe8+ Kg7 39. Qxd7) 36... Qc4 (36... Qxd2 $11 37. Rxd2 Nf4 38. Rxd7 Rxd7) 37. Qe3 (37. Qg5 $14 Qc2 38. Bxd3 (38. Qxh4 Ne5 $11) 38... Rxd3 39. Qxd8+ Rxd8 40. Rxd8+ Kg7 41. Re1) 37... Qc2 {[%emt 0:00:04] Weighted Error Value: White=0.22 (precise) /Black=0.17 (very precise)} 1/2-1/2

[Event "87th Spanish Championship 2022"]
[Site "Linares"]
[Date "2022.08.13"]
[Round "3.28"]
[White "Martinez Fernandez, Adrian"]
[Black "Garcia Fernandez, Victor"]
[Result "1-0"]
[ECO "B31"]
[WhiteElo "2366"]
[BlackElo "2158"]
[Annotator "TA"]
[PlyCount "71"]
[EventDate "2022.08.11"]
[EventType "swiss"]
[EventCountry "ESP"]
[SourceTitle "playchess.com"]
[Source "ChessBase"]
[SourceQuality "1"]
[TimeControl "5400+30"]

1. e4 c5 2. Nf3 Nc6 3. Bb5 g6 4. Bxc6 dxc6 5. d3 Qc7 6. h3 {[%emt 0:00:20] B31: Sicilian: 2...Nc6 3 Bb5 g6.} Bg7 7. O-O h6 {[%emt 0:00:42] [#]} 8. Nh2 $146 {[%emt 0:01:09] White is slightly better.} ({Predecessor:} 8. Nc3 Nf6 9. Be3 b6 10. Nd2 Nh5 11. f4 Bd4 12. Bxd4 cxd4 13. Ne2 c5 14. a4 {½-½ (32) Najer,E (2635)-Fedoseev,V (2664) Douglas 2019}) 8... e5 9. f4 Ne7 10. Be3 exf4 11. Bxf4 Qb6 12. Nd2 Be6 (12... Bxb2 $2 13. Nc4 Qd8 14. Nd6+ (14. Nxb2 Qd4+ 15. Kh1 Qxb2 $16) 14... Kd7 15. Nxf7 $18) 13. Be3 Rd8 {[%emt 0:03:33] [#]} (13... Bxb2 14. Rb1 $16) (13... Qd8 $11) 14. Nb3 $1 $16 Bxb3 15. axb3 h5 16. Qf3 O-O 17. Qf2 Bd4 (17... f5 $16 {is a better defense.}) 18. Nf3 Bxe3 19. Qxe3 {[%emt 0:00:07] Black must now prevent Qh6.} f6 20. Nd2 f5 (20... Kg7 $142 21. Nc4 Qc7 22. Rxa7 Nc8) 21. Nc4 Qc7 22. Qxc5 fxe4 (22... b6 $16 23. Qe3 f4) 23. Rxf8+ (23. Qxa7 exd3 24. Rxf8+ Kxf8 $15) 23... Rxf8 24. dxe4 Qg3 (24... Nc8 {was called for.} 25. Ne5 Rf6 26. Qc4+ Kg7) 25. Qxa7 (25. Qxe7 Rf2 26. Ne3 Qxe3 $11) 25... g5 26. Qc5 ({Worse is} 26. Qxb7 Ng6 27. Ra8 (27. Qxc6 Nf4 $11) (27. Ra7 Qf2+ 28. Kh1 Qf1+ 29. Kh2 Qf4+ 30. Kh1 Qc1+ 31. Kh2 Qf4+ 32. Kh1 Qc1+ 33. Kh2 Qf4+ $11) 27... Qf2+ 28. Kh2 Qf4+ 29. Kh1 Qc1+ 30. Kh2 Qf4+ 31. Kh1 Qc1+ 32. Kh2 Qf4+ $11) 26... Ng6 {[%emt 0:00:46] [#] And now ...Nf4 would win.} 27. Qe3 Qh4 (27... h4 $16 28. Qxg3 hxg3) 28. Nd6 $18 g4 $2 (28... Qf4 29. Qxf4 Nxf4 30. Nxb7 Kg7) 29. Nf5 Qf6 30. hxg4 {[%emt 0:00:07] Threatens to win with Rf1.} hxg4 31. Rf1 {[%emt 0:02:16][%cal Ba1f1,Bf1d1,Bd1d6,Bd6d8][%mdl 32] Nh6+ is the strong threat.} Qe6 32. Qh6 Rf7 {[%emt 0:00:37] Inhibits Qg7+.} 33. Qg5 {[%emt 0:00:02] White wants to mate with Nh6+.} Kh8 34. Rd1 {[%emt 0:01:17] Rd8+ would kill now.} Nf8 35. Rd6 Qe8 36. Rd8 {[%emt 0:03:20] Weighted Error Value: White=0.34/Black=0.51} 1-0

[Event "87th Spanish Championship 2022"]
[Site "Linares"]
[Date "2022.08.13"]
[Round "3.29"]
[White "Centeno Mendoza, Julio Stefano"]
[Black "Domingo Nunez, Alejandro"]
[Result "1/2-1/2"]
[ECO "B10"]
[WhiteElo "2148"]
[BlackElo "2335"]
[Annotator "TA"]
[PlyCount "77"]
[EventDate "2022.08.11"]
[EventType "swiss"]
[EventCountry "ESP"]
[SourceTitle "playchess.com"]
[Source "ChessBase"]
[SourceQuality "1"]
[TimeControl "5400+30"]

1. e4 c6 2. Nc3 d5 3. Nf3 dxe4 4. Nxe4 Nf6 5. Qe2 Nxe4 6. Qxe4 Qa5 {B11: Caro-Kann: Two Knights Variation.} 7. Qf4 Qf5 8. Qe3 Qe6 (8... Qxc2 $11 {feels stronger.} 9. Bd3 Qa4) 9. d4 $14 {[#]} f6 $146 {Prevents Ne5.} ({Predecessor:} 9... Qxe3+ 10. Bxe3 Bf5 11. O-O-O e6 12. Nh4 Be4 13. f3 Bg6 14. c4 Bd6 15. d5 cxd5 16. cxd5 {½-½ (42) Shyam,S (2509)-Bernadskiy,V (2547) Montebelluna 2018}) 10. Bd3 Qxe3+ 11. Bxe3 Be6 12. O-O Nd7 13. c4 g5 14. Rfe1 Bf7 15. b3 {[%emt 0:04:42] White is more active.} Bg6 {[%emt 0:01:28] Against Bf5} 16. Bf1 h5 17. h4 g4 18. Nd2 Kf7 19. g3 ({White should try} 19. c5 $14) 19... e5 $11 20. a3 Rd8 21. b4 exd4 22. Bxd4 Bh6 23. Nb3 Ne5 24. Bxe5 fxe5 25. Na5 Rd7 26. Rad1 Re7 ({Don't take} 26... Rxd1 27. Rxd1 Rb8 28. c5 $14) (26... Rhd8 $1 $11 27. Rxd7+ Rxd7) 27. c5 $14 e4 28. Nc4 Kg7 29. Bg2 Rf8 30. Rd4 Kh8 31. Rd6 ({Avoid the trap} 31. Bxe4 $2 Bg7 32. Rdd1 Rxe4 $19) 31... Kh7 32. Re2 Bg7 33. Rd1 Rf6 34. Rde1 Rfe6 35. Nd6 Bc3 {[%emt 0:00:55] The position is equal.} 36. Rc1 Bg7 37. Nc8 Re8 38. Nd6 ({Don't blunder} 38. Nxa7 $2 Ra8 39. Rce1 Rxa7 $19) 38... R8e7 39. Nc8 {[%emt 0:00:05] Weighted Error Value: White=0.11 (very precise) /Black=0.09 (flawless)} 1/2-1/2

[Event "87th Spanish Championship 2022"]
[Site "Linares"]
[Date "2022.08.13"]
[Round "3.30"]
[White "Gomez Dieguez, David"]
[Black "Diaz Mino, Daniel"]
[Result "1-0"]
[ECO "B20"]
[WhiteElo "2372"]
[BlackElo "2151"]
[Annotator "TA"]
[PlyCount "57"]
[EventDate "2022.08.11"]
[EventType "swiss"]
[EventCountry "ESP"]
[SourceTitle "playchess.com"]
[Source "ChessBase"]
[SourceQuality "1"]
[TimeControl "5400+30"]

1. e4 c5 2. Ne2 d6 3. g3 g6 4. Bg2 Bg7 5. c3 e6 6. d4 {[%emt 0:01:30] B20: Sicilian: Unusual White 2nd moves.} cxd4 7. cxd4 Ne7 8. Nbc3 {[%emt 0:02:08] White has an edge.} O-O 9. O-O Nbc6 10. Be3 a6 11. Qd2 Re8 {[%emt 0:09:05] [#]} 12. Rfd1 $146 ({Predecessor:} 12. Rac1 b5 13. a3 Na5 14. e5 Nc4 15. Qd3 d5 16. Rc2 Nc6 17. Bc1 b4 18. Na4 {1-0 (36) Sajjad,A (1780)-Ahmed,J (2066) Baghdad 2018}) 12... d5 13. Bg5 Qd7 14. e5 b5 15. b3 Qa7 16. Qf4 ({White should try} 16. g4 $16) 16... Bd7 $14 17. g4 {[%emt 0:06:28] Inhibits Nf5.} Rac8 18. Rd3 Qb8 (18... b4 $16 {was worth a try.}) 19. Rf3 (19. Bf6 $18) 19... Nd8 $16 20. Bh6 Bh8 21. Qg5 {[%emt 0:03:04] aiming for Qh4. White is much more active.} b4 22. Na4 $36 {[%emt 0:00:23][%mdl 2048] White has good play.} Bxa4 23. bxa4 {[%emt 0:00:39] And now Rh3 would win.} Rc4 (23... Rc2 $14 24. Bf1 Nec6) 24. Rd1 $18 Nec6 {[%emt 0:01:20] [#]} (24... Qc7 $16) 25. Qh4 $1 Qa7 26. Be3 {[%emt 0:00:23][%cal Bh6e3,Be3g5,Bg5f6][%mdl 32] Threatens to win with Rh3. This bishop pair is nice.} Qe7 (26... Rf8 $16 27. Rd2 (27. Rh3 f6 $14) 27... a5) 27. Bg5 Qa7 (27... f6 28. exf6 Qf7) 28. Bf6 {[%emt 0:01:41][%cal Oh4h7] Threatening mate with Qxh7+!} ({Weaker is} 28. Rh3 f6 29. exf6 Rf8 $18) 28... Nxd4 {[%emt 0:02:10] [#]} 29. Qxh7+ $3 {[%emt 0:00:30][%mdl 576] Decoy, Back Rank.  Weighted Error Value: White=0.13 (very precise) /Black=0.44} 1-0

[Event "87th Spanish Championship 2022"]
[Site "Linares"]
[Date "2022.08.13"]
[Round "3.31"]
[White "Comellas Martos, Lidia"]
[Black "Alvarez Fernandez, Enrique"]
[Result "1/2-1/2"]
[ECO "C01"]
[WhiteElo "2132"]
[BlackElo "2329"]
[Annotator "TA"]
[PlyCount "108"]
[EventDate "2022.08.11"]
[EventType "swiss"]
[EventCountry "ESP"]
[SourceTitle "playchess.com"]
[Source "ChessBase"]
[SourceQuality "1"]
[TimeControl "5400+30"]

1. e4 e6 2. d4 d5 3. exd5 exd5 4. Bd3 Nc6 5. c3 Bd6 6. Nf3 Nge7 7. O-O O-O {C01: French: Exchange Variation.} 8. Bg5 {[%emt 0:07:12] 8.Re1 is a critical line.} f6 9. Bh4 Bf5 10. Bxf5 Nxf5 11. Bg3 Bxg3 12. hxg3 {[%emt 0:00:25] [#]} Nd6 $146 ({Predecessor:} 12... Qd7 13. Na3 Nce7 14. Nc2 c6 15. Nh2 Rae8 16. Re1 Nd6 17. Qg4 f5 18. Qg5 Ne4 {½-½ (54) Subelj,J (1653)-Mihelic,B (1794) Slovenia 2014}) 13. Qb3 Ne7 14. Nbd2 a5 15. a4 b6 16. Rfe1 Qd7 17. Re2 Nf7 18. Rae1 Rfe8 19. Nf1 Rad8 20. N3d2 Kf8 21. f3 Nc8 22. Rxe8+ Rxe8 23. Rxe8+ Kxe8 24. Ne3 Ne7 25. Kf2 Kf8 26. Qc2 g6 27. b3 Kg7 28. Ndf1 Ng5 29. Qe2 Kf7 30. Ng4 Qd6 31. Qb2 h5 32. Nge3 Ne6 33. b4 axb4 34. cxb4 Nc6 (34... c5 $15 {is superior.} 35. dxc5 bxc5) 35. Nc2 $11 g5 36. Qc3 h4 37. a5 bxa5 38. bxa5 Na7 (38... Ne7 $11 {keeps the balance.}) 39. Qd3 $16 c5 $2 (39... Nc8 $16) 40. Qh7+ $18 Ng7 41. Nfe3 $2 ({Weaker is} 41. gxh4 gxh4 42. Nce3 Qf4 43. dxc5 Qd4 $18) ({Only move:} 41. Nce3 $18) 41... Qf4 {[%emt 0:01:25][%mdl 8192] [#] Against Nf5} 42. Nxd5 $4 (42. gxf4 Kf8 43. dxc5 Nc6 44. Nxd5 Kf7 45. f5 h3 46. Qg6+ Kf8 47. Qxf6+ Kg8 48. a6) 42... Qd2+ {[%emt 0:00:51][%mdl 64] Deflection, Double Attack} 43. Kg1 cxd4 $2 ({Better is} 43... hxg3 $19 {( -> ...Qc1+)} 44. Nde3 cxd4) 44. gxh4 $16 {[%emt 0:00:46] And now h5 would win. Chess con chili. White is more active.} gxh4 (44... d3 $16 {is more resistant.} 45. Nce3 Qe1+ 46. Kh2 (46. Nf1 d2 $11) 46... Qxh4+ 47. Qxh4 gxh4) 45. Qxh4 $18 Qxc2 (45... Qc1+ $142 46. Kh2 Qxc2 47. Qxf6+ Kg8 48. Ne7+ (48. Qxd4 Qh7+ 49. Kg1 Qb1+ 50. Kh2 Qh7+ 51. Kg1 Qb1+ 52. Kh2 Qh7+ $11) 48... Kh8) 46. Qxf6+ Kg8 {[%emt 0:01:00] [#]} 47. Qxd4 $2 (47. Ne7+ $1 $18 Kh8 48. a6 (48. Qxd4 Qc1+ 49. Kf2 Qc2+ 50. Kf1 Qb1+ 51. Kf2 Qc2+ 52. Kf1 Qb1+ 53. Kf2 Qc2+ $11)) 47... Nc6 $11 {[%emt 0:00:47][%csl LRa5,LRd4] The position is equal.} 48. Qe4 Qxe4 49. Nf6+ Kf7 50. Nxe4 Nxa5 51. Kf2 Nc4 52. g4 Ne6 53. Kg3 Ne5 54. f4 Nxf4 {[%emt 0:00:12] Weighted Error Value: White=0.40/Black=0.66} 1/2-1/2

[Event "87th Spanish Championship 2022"]
[Site "Linares"]
[Date "2022.08.13"]
[Round "3.32"]
[White "Garcia Gonzalez, Omar"]
[Black "Alshameary Puente, Ismael"]
[Result "0-1"]
[ECO "B28"]
[WhiteElo "2094"]
[BlackElo "2352"]
[Annotator "TA"]
[PlyCount "84"]
[EventDate "2022.08.11"]
[EventType "swiss"]
[EventCountry "ESP"]
[SourceTitle "playchess.com"]
[Source "ChessBase"]
[SourceQuality "1"]
[TimeControl "5400+30"]

1. e4 c5 2. Nf3 a6 3. c3 d5 4. exd5 Qxd5 5. d4 Nc6 6. Be3 {[%emt 0:01:58] B28: Sicilian: 2 Nf3 a6 (O'Kelly Variation).} cxd4 7. cxd4 Nf6 8. h3 (8. Nc3 $14 Qd6 9. Rc1) 8... e6 9. Nc3 Qd8 10. Bc4 b5 11. Bb3 Bb7 (11... Na5 $15) 12. O-O {[%emt 0:11:22] [#]} (12. d5 $1 $14 Na5 13. dxe6 Qxd1+ 14. Rxd1 (14. Bxd1 fxe6 15. O-O Nc4 $11) 14... Nxb3 15. exf7+ (15. axb3 fxe6 16. O-O Bxf3 $11) 15... Kxf7 16. axb3) 12... Na5 $146 ({Predecessor:} 12... Bb4 13. d5 exd5 14. Nxd5 Nxd5 15. Bxd5 O-O 16. Qb3 Be7 17. Rfd1 Qb8 18. Rac1 Na5 19. Qc3 Bxd5 20. Rxd5 {0-1 (29) Salden,F (1513)-Worm,A Rostock 2003}) 13. Bc2 Be7 14. Ne5 Rc8 15. Qd3 Nd5 16. a3 {[%emt 0:02:35] Inhibits Nb4.} Nc4 17. Nxc4 Rxc4 18. Ne4 $2 {[%emt 0:04:56] This costs White the game.} (18. Nxd5 $11 {and White has nothing to worry.} Qxd5 19. f3) 18... Nxe3 $19 19. fxe3 {[%emt 0:00:08] [#]} Qd5 $1 20. Rf2 {[%emt 0:02:49] [#]} Rxc2 21. Qxc2 {[%emt 0:00:14] Black must now prevent Nc5.} (21. Rxc2 Qxe4) 21... Qxe4 22. Qc7 Bf6 23. Qd6 Qc6 {[%emt 0:01:43] Prevents Rc1.} 24. Qb8+ (24. Qxc6+ $142 Bxc6 25. Rc1) 24... Bd8 {[%emt 0:01:01][%cal Bf6d8,Bd8c7,Bc7g3][%mdl 32] Black is clearly winning.} 25. Raf1 O-O {[%emt 0:00:22] Threatens to win with ...Bc7.} 26. Qg3 Bc7 27. Qg5 Qd6 28. Rf4 Qd5 29. Qxd5 Bxd5 30. R4f2 Be4 {[%emt 0:00:44] Prevents Rc2.} 31. Rc1 Bg3 32. Rff1 f5 33. Rc3 h5 34. Rfc1 f4 35. exf4 Bxf4 {[%emt 0:00:01] A strong pair of Bishops.} 36. Re1 Bd5 37. Rc5 Bg3 38. Re2 {[%emt 0:00:30] Inhibits Bf2+.} Bc4 39. Rxc4 bxc4 40. Rxe6 Rf2 {[%emt 0:00:21] And now ...h4 would win.} 41. Re3 h4 42. d5 Rxb2 {[%emt 0:01:01] Weighted Error Value: White=0.80/Black=0.15 (very precise)} 0-1